 Dungeon Crawl Stone Soup version 0.21-a0-153-g78480df (webtiles) character file.

5212 seren the Archer (level 10, 0/90 HPs)
             Began as a Centaur Hunter on July 31, 2017.
             Was a Priest of Okawaru.
             Slain by a wyvern (3 damage)
             ... on level 9 of the Dungeon.
             The game lasted 00:37:45 (10445 turns).

seren the Archer (Centaur Hunter)                  Turns: 10445, Time: 00:37:46

Health: 0/90       AC:  4    Str: 23    XL:     10   Next: 35%
Magic:  15/15      EV: 11    Int: 10    God:    Okawaru [***...]
Gold:   185        SH:  0    Dex: 11    Spells: 9/9 levels left

rFire    . . .     SeeInvis .   u - +1 whip of Pitocywn {freeze, rC- Str+6}
rCold    . . .     Gourm    .   (no shield)
rNeg     . . .     Faith    .   S - -2 leather armour (curse)
rPois    .         Spirit   .   J - +0 helmet
rElec    .         Reflect  .   l - +0 cloak
rCorr    .         Harm     .   (no gloves)
MR       .....                  (no barding)
Stlth    +.........             F - amulet of magic regeneration
HPRegen  0.25/turn              h - ring of protection from cold
MPRegen  0.39/turn              (no ring)

@: very quick
A: hooves 3, deformed body, speed 2, tough skin 3
a: Heroism, Renounce Religion


You were on level 9 of the Dungeon.
You worshipped Okawaru.
Okawaru was most pleased with you.
You were not hungry.

You visited 3 branches of the dungeon, and saw 11 of its levels.

You collected 392 gold pieces.
You spent 207 gold pieces at shops.

Inventory:

Hand Weapons
 a - a +1 shortbow
 b - the +11 short sword "Ojacson" {drain, rC+ Int+2 Stlth+}
   (You found it on level 6 of the Dungeon)

   A truly terrible weapon, it drains the life of those it strikes.
   It affects your intelligence (+2).
   It protects you from cold.
   It makes you more stealthy.
 u - the +1 whip of Pitocywn (weapon) {freeze, rC- Str+6}
   (You took it off an orc on level 8 of the Dungeon)

   It has been specially enchanted to freeze those struck by it, causing extra
   injury to most foes and up to half again as much damage against particularly
   susceptible opponents.
   It can also slow down cold-blooded creatures.
   It affects your strength (+6).
   It makes you vulnerable to cold.
 P - the +9 quarterstaff of Anxiety {vamp, rPois}
   (You bought it in a shop on level 6 of the Dungeon)

   It inflicts no extra harm, but heals its wielder when it wounds a living foe.
   It protects you from poison.
Missiles
 d - 26 arrows
 B - a throwing net (quivered)
Armour
 l - a +0 cloak (worn)
 y - a +2 ring mail of magic resistance
 J - a +0 helmet (worn)
 S - a cursed -2 leather armour (worn)
Jewellery
 h - a ring of protection from cold (left hand)
 D - an uncursed ring of flight
 F - an amulet of magic regeneration (around neck)
 H - an uncursed ring of resist corrosion
 V - an uncursed ring of stealth {unknown}
Wands
 n - a wand of paralysis (11/24)
 w - a wand of iceblast (11/15)
 L - a wand of flame (21/48)
 N - a wand of polymorph (18/24)
 O - a wand of iceblast (10/15)
 T - a wand of lightning (6/15)
Scrolls
 c - a scroll of identify
 j - a scroll of fear {unknown}
 x - 5 scrolls of teleportation {!r}
 C - 3 scrolls of enchant weapon {unknown}
 E - a scroll of magic mapping
 G - 3 scrolls of amnesia {unknown}
 U - a scroll of remove curse
Potions
 e - a potion of agility {unknown}
 g - a potion of heal wounds {unknown}
 k - 2 potions of brilliance
 m - 2 potions of degeneration {unknown}
 p - 3 potions of haste {unknown}
 q - 3 potions of curing
 r - 2 potions of berserk rage {unknown}
 s - a potion of mutation {unknown}
 t - 4 potions of might
 z - a potion of flight {unknown}
 A - a potion of invisibility {unknown}
 I - a potion of lignification {unknown}
 K - a potion of magic {unknown}
 Q - a potion of cancellation {unknown}
Books
 M - a book of Maledictions

   Spells                             Type                      Level
   a - Corona                         Hexes                        1
   b - Ensorcelled Hibernation        Hexes/Ice                    2
   c - Confuse                        Hexes                        3
   d - Tukima's Dance                 Hexes                        3
   e - Dazzling Spray                 Conjuration/Hexes            3
Comestibles
 f - 11 bread rations
 i - 9 royal jellies
 o - 10 fruits
 v - 10 meat rations
 R - 6 chunks of flesh


   Skills:
 + Level 8.9 Fighting
 - Level 10.0 Bows
 - Level 2.1 Armour
 - Level 4.3 Dodging
 - Level 0.4 Stealth
 - Level 5.1 Invocations
 * Level 6.8 Evocations


You had 9 spell levels left.
You didn't know any spells.

Dungeon Overview and Level Annotations

Branches:
Dungeon (9/15)             Temple (1/1) D:5            Lair (1/6) D:8
    Orc: D:9-12

Altars:
Ashenzari
Cheibriados
Dithmenos
Fedhas
Gozag
Hepliaklqana
Kikubaaqudgha
Makhleb
Nemelex Xobeh
Okawaru
Qazlal
Sif Muna
Uskayaw
Vehumet
Xom
Zin
The Shining One

Shops:
D:6 (*   D:8 (

Annotations:
D:3 Sigmund
D:4 Edmund
D:5 Menkaure
D:9 1 exclusion


Innate Abilities, Weirdness & Mutations

You have hooves in place of feet.
Armour fits poorly on your strangely shaped body.
You cover ground very quickly.
You have extremely tough skin. (AC +3)


Message History

The wyvern bites you!
* * * LOW HITPOINT WARNING * * *
You hit the wyvern. You freeze the wyvern. You kick the wyvern.
The wyvern is almost dead.
The wyvern bites you.
* * * LOW HITPOINT WARNING * * *
The wyvern bites you.
* * * LOW HITPOINT WARNING * * *
You hit the wyvern but do no damage. Your kick misses the wyvern.
The wyvern is almost dead.
The wyvern closely misses you. The wyvern bites you!
* * * LOW HITPOINT WARNING * * *
The wyvern bites you!
* * * LOW HITPOINT WARNING * * *
The wyvern bites you.
* * * LOW HITPOINT WARNING * * *
You see here 14 sling bullets.
Okay, then.
The wyvern bites you.
You die...

#####....# #.).# #.........#
###..###)..####........# #
#.........#...#.......# .#
#............#........# .###
##....................#
...##.#....................#
.....##....................#
......#.........l..........#
..#.............@..........#
..#.#......................#
..###......................#
### ##............#........#
.# #......###.#.#........#
## #...###§§≈≈≈≈.........
#### #...# §≈###≈##.....
..#[#....###..+ +... ....
.###.###.....§###§§......


You could see a wyvern.

Vanquished Creatures
  A two-headed ogre (D:8)
  Pikel (D:8)
  Joseph (D:8)
  Maurice (D:8)
  A wyvern (D:8)
  A basilisk (D:8)
  A human (D:7)
  4 hogs (D:7)
  An orc warrior (D:8)
  A sky beast (D:9)
  3 slaves (D:8)
  An ice beast (D:7)
  3 ogres
  3 bullfrogs
  3 wights (D:7)
  A howler monkey (D:5)
  5 crimson imps
  A jelly (D:8)
  A quasit (D:6)
  A bullfrog skeleton (D:5)
  2 hounds
  10 orc wizards
  A centaur skeleton (D:8)
  6 orc priests
  6 iguanas
  9 worker ants
  A hound skeleton (D:7)
  A hound zombie (D:9)
  A worker ant zombie (D:8)
  11 gnolls
  17 adders
  3 shadow imps
  An ooze (D:1)
  An adder zombie (D:6)
  A worm (D:2)
  A dart slug (D:1)
  5 leopard geckos
  44 orcs
  3 ball pythons
  11 giant cockroaches
  9 goblins
  15 hobgoblins
  5 jackals
  10 kobolds
  2 quokkas
  7 bats
  5 frilled lizards
  A quokka zombie (D:9)
  7 rats
231 creatures vanquished.

Vanquished Creatures (others)
  A slave (D:8)
  A shadow imp (D:8)
  A leopard gecko (D:1)
  5 toadstools (D:1)
8 creatures vanquished.

Grand Total: 239 creatures vanquished

Notes
Turn   | Place    | Note
-------+----------+-------------------------------------------
     0 | D:1      | seren the Centaur Hunter began the quest for the Orb.
     0 | D:1      | Reached XP level 1. HP: 17/17 MP: 1/1
    54 | D:1      | Reached XP level 2. HP: 16/24 MP: 2/2
    58 | D:1      | Reached skill level 6 in Bows
   569 | D:1      | Reached XP level 3. HP: 29/29 MP: 3/3
  1033 | D:2      | Reached skill level 7 in Bows
  1233 | D:2      | Found a shadowy altar of Dithmenos.
  1449 | D:1      | Reached XP level 4. HP: 36/36 MP: 4/4
  1914 | D:2      | Reached skill level 8 in Bows
  2067 | D:3      | Reached XP level 5. HP: 25/41 MP: 5/5
  2601 | D:3      | Noticed Sigmund
  3281 | D:4      | Noticed Edmund
  3556 | D:4      | Reached skill level 9 in Bows
  4036 | D:4      | Reached skill level 1 in Armour
  4036 | D:4      | Reached XP level 6. HP: 47/50 MP: 6/6
  4488 | D:5      | Entered Level 5 of the Dungeon
  4564 | D:5      | Reached skill level 1 in Evocations
  4633 | D:5      | Found a staircase to the Ecumenical Temple.
  4842 | D:5      | Found a hazy altar of Hepliaklqana.
  4844 | D:5      | Found a shimmering altar of Xom.
  4845 | D:5      | Noticed a spectral ugly thing
  4946 | D:5      | Reached XP level 7. HP: 54/57 MP: 7/7
  5042 | D:5      | Found a deep blue altar of Sif Muna.
  5045 | D:5      | Found an opulent altar of Gozag.
  5291 | D:5      | Noticed Menkaure
  5855 | D:6      | Found Catueff's Antique Weapon Emporium.
  5904 | D:6      | Got a jewelled short sword
  5917 | D:6      | Identified the +11 short sword "Ojacson" {drain, rC+ Int+2 Stlth+} (You found it on level 6 of the Dungeon)
  5969 | D:6      | Found Maneun's Elemental Accessories.
  6286 | Temple   | Entered the Ecumenical Temple
  6289 | Temple   | Became a worshipper of Warmaster Okawaru
  6397 | D:6      | Reached skill level 10 in Bows
  7063 | D:7      | Noticed a human
  7063 | D:7      | Noticed a hog
  7063 | D:7      | Noticed a hog
  7079 | D:7      | Killed a human
  7079 | D:7      | Reached skill level 1 in Invocations
  7079 | D:7      | Reached XP level 8. HP: 67/67 MP: 7/9
  7103 | D:7      | Reached * piety under Okawaru
  7103 | D:7      | Reached skill level 5 in Fighting
  7778 | D:7      | Reached ** piety under Okawaru
  7778 | D:7      | Reached skill level 5 in Invocations
  7778 | D:7      | Reached XP level 9. HP: 49/78 MP: 12/12
  8250 | D:6      | Bought a crystal quarterstaff for 207 gold pieces
  8250 | D:6      | Identified the +9 quarterstaff of Anxiety {vamp, rPois} (You bought it in a shop on level 6 of the Dungeon)
  8417 | D:8      | Noticed Maurice
  8434 | D:8      | Killed Maurice
  8466 | D:8      | Found Tipaofu's Weapon Shoppe.
  8467 | D:8      | Noticed a two-headed ogre
  8742 | D:8      | Killed a two-headed ogre
  8845 | D:8      | Noticed Joseph
  8915 | D:8      | Reached *** piety under Okawaru
  8941 | D:8      | Killed Joseph
  8941 | D:8      | Reached skill level 5 in Evocations
  9097 | D:8      | Noticed Pikel
  9113 | D:8      | Reached XP level 10. HP: 85/88 MP: 12/14
  9400 | D:8      | Killed Pikel
  9412 | D:8      | Got a slimy whip {freeze}
  9419 | D:8      | Identified the cursed +1 whip of Pitocywn {freeze, rC- Str+6} (You took it off an orc on level 8 of the Dungeon)
  9493 | D:8      | Found a staircase to the Lair.
  9889 | Lair:1   | Entered Level 1 of the Lair of Beasts
 10436 | D:9      | HP: 2/90 [wyvern (6)]
 10445 | D:9      | Slain by a wyvern

Vault maps used:
D:1:      ldierk_walled_garden, lemuel_another_geyser
D:2:      grunt_dithmenos_smoke
D:3:      first_bread, minmay_goblin_kobold_house, uniq_sigmund
D:4:      uniq_edmund
D:5:      regret_index_temple_of_mockery, gammafunk_temple_overflow_elements,
          chequers_temple_overflow_statue_of_worship,
          minmay_temple_entry_from_below_a, serial_glass, glass_columns_a,
          glass_columns_c, roderic_serpentine_path, uniq_menkaure
D:6:      serial_shops, shop, nicolae_elemental_shop
D:7:      grunt_livestock, abandoned_shop
D:8:      corexii_shantytown, lair_entry_dummy, serial_shops, shop_statue,
          uniq_joseph, uniq_maurice, uniq_pikel
D:9:      kennysheep_ying_yang, kennysheep_mini_moat
Temple:   nicolae_temple_hex_pool
Lair:1:   lemuel_fruit_fields, lemuel_fruit_tree, uniq_gastronok, uniq_erica

Skill      XL: |  1  2  3  4  5  6  7  8  9 10 |
---------------+-------------------------------+-----
Bows           | 6 7 8 9 10 | 10.0
Armour         | 1 2 |  2.1
Evocations     | 1 5 6 |  6.8
Fighting       | 3 4 6 8 |  8.9
Dodging        | 2 3 4 |  4.3
Invocations    | 1 5 |  5.1
Stealth        | |  0.4

Action                   |  1- 3 |  4- 6 |  7- 9 | 10-12 || total
-------------------------+-------+-------+-------+-------++-------
Melee: Short sword       |    70 |       |   160 |   102 ||   332
       Kick              |    16 |    35 |    39 |    38 ||   128
       Whip              |    42 |   199 |    38 |    62 ||   341
       Shortbow          |       |       |     1 |       ||     1
       Punch             |       |       |     1 |       ||     1
 Fire: Shortbow          |    26 |    88 |    88 |    21 ||   223
Invok: Heroism           |       |       |     5 |     1 ||     6
  Use: Scroll            |       |     4 |     7 |     1 ||    12
 Stab: Sleeping          |       |       |       |     1 ||     1
  Eat: Chunk             |     1 |     9 |    10 |     4 ||    24
Armor: Leather armour    |    61 |    59 |       |     7 ||   127
       Ring mail         |       |    39 |    81 |    59 ||   179
Dodge: Dodged            |    72 |   113 |    92 |   100 ||   377
